 Dungeon Crawl Stone Soup version 0.29.1-15-g9cfb28693d (webtiles) character file.

Game seed: 13869825050269333265

3680 leafyfresh the Fighter (level 10, -7/76 HPs)
             Began as an Octopode Delver on Mar 10, 2023.
             Was an Initiate of Ashenzari.
             Mangled by a yak (16 damage)
             ... on level 8 of the Dungeon.
             The game lasted 00:10:06 (8965 turns).

leafyfresh the Fighter (Octopode Delver)            Turns: 8965, Time: 00:10:07

Health: -7/76      AC:  1    Str: 11    XL:     10   Next: 13%
Magic:  20/20      EV: 29    Int: 19    God:    Ashenzari [......]
Gold:   348        SH:  0    Dex: 17    Spells: 4/11 levels left

rFire   . . .      SeeInvis .   n - +12 war axe "Heonairoe" {vorpal, *Slow Will- Int+5 Stlth+}
rCold   . . .      Faith    .   (no shield)
rNeg    . . .      Spirit   .   (helmet restricted)
rPois   .          Reflect  .   x - amulet of the acrobat
rElec   .          Harm     .   y - ring of magical power
rCorr   .          Rampage  .   (no ring)
Will    .....                   (no ring)
Stlth   ++++++....              (no ring)
HPRegen 0.22/turn               (no ring)
MPRegen 0.17/turn               (no ring)
                                (no ring)
                                (no ring)

@: about to teleport, acrobatic
A: almost no armour, amphibious, 8 rings, camouflage 1, gelatinous body 1,
(nimble swimmer 1), tentacles
a: Renounce Religion, Curse Item


You were on level 8 of the Dungeon.
You worshipped Ashenzari.
Ashenzari was noncommittal.
You visited 2 branches of the dungeon, and saw 9 of its levels.

You collected 348 gold pieces.

Inventory:

Hand Weapons
 a - a +0 short sword
 n - the +12 war axe "Heonairoe" (weapon) {vorpal, *Slow Will- Int+5 Stlth+}
   (You took it off a hobgoblin on level 3 of the Dungeon)

   It inflicts extra damage upon your enemies.
   Int:       It affects your intelligence (+5).
   *Slow:     It may slow you when you take damage.
   Will:      It decreases your willpower.
   Stlth:     It makes you more stealthy.
 t - a +1 dagger of protection
Missiles
 m - 27 poisoned darts (quivered)
 I - a throwing net
Jewellery
 d - an amulet of reflection
 x - an amulet of the acrobat (around mantle)
 y - a ring of magical power (left tentacle)
Wands
 f - a wand of digging (4)
 w - a wand of charming (11)
 E - a wand of mindburst (19)
Scrolls
 b - 2 scrolls of fog
 c - a scroll of magic mapping
 h - a scroll of identify
 i - 2 scrolls of vulnerability
 j - a scroll of amnesia
 k - 5 scrolls of teleportation
 l - 2 scrolls of enchant armour
 p - 3 scrolls of enchant weapon
 r - 3 scrolls of brand weapon {unknown}
 u - 3 scrolls of torment {unknown}
 v - a scroll of summoning {unknown}
 F - 2 scrolls of immolation {unknown}
 G - 2 scrolls of silence {unknown}
 J - a scroll of noise {unknown}
Potions
 e - a potion of haste
 g - 2 potions of curing {unknown}
 o - 2 potions of ambrosia {unknown}
 q - a potion of resistance {unknown}
 s - 2 potions of flight {unknown}
 z - a potion of might {unknown}
 A - 2 potions of cancellation {unknown}
 B - 2 potions of lignification {unknown}
 C - a potion of mutation {unknown}
 D - a potion of brilliance {unknown}
 H - a potion of experience {unknown}


   Skills:
 + Level 10.2 Fighting
 - Level 2.0 Short Blades
 + Level 9.3 Axes
 - Level 3.4 Dodging
 - Level 7.8 Stealth
 - Level 1.1 Spellcasting
 - Level 0.9 Transmutations


You had 4 spell levels left.
You knew the following spells:

 Your Spells              Type           Power      Damage    Failure   Level
a - Blade Hands           Tmut           2%         N/A       98%         5
b - Passwall              Tmut/Erth      1%         N/A       22%         2

Your spell library contained the following spells:

 Spells                   Type           Power      Damage    Failure   Level
 Ensorcelled Hibernation  Hex/Ice        2%         N/A       28%         2
 Ignite Poison            Fire/Tmut/Pois 2%         N/A       43%         3
 Call Canine Familiar     Summ           1%         N/A       50%         3
 Mephitic Cloud           Conj/Pois/Air  1%         N/A       50%         3
 Portal Projectile        Hex/Tloc       2%         N/A       50%         3
 Swiftness                Air            1%         N/A       50%         3
 Tukima's Dance           Hex            1%         N/A       50%         3
 Leda's Liquefaction      Hex/Erth       0%         N/A       88%         4
 Freezing Cloud           Conj/Ice/Air   0%         6-21      99%         5


Dungeon Overview and Level Annotations

Branches:
Dungeon (8/15)             Temple (1/1) D:6
   Lair: D:8-11

Altars:
Ashenzari
Cheibriados
Elyvilon
Gozag
Hepliaklqana
Kikubaaqudgha
Makhleb
Okawaru
Qazlal
Ru
Sif Muna
Trog
Xom
Zin
The Shining One

Shops:
D:3 [   D:8 :

Annotations:
D:6 2 transporters


Innate Abilities, Weirdness & Mutations

You cannot wear most types of armour.
You are amphibious.
You can wear up to eight rings at the same time.
Your skin changes colour to match your surroundings (Stealth+).
Your rubbery body absorbs attacks. (AC +1, EV +1)
((You are camouflaged when in or above water. (Stealth+)))
You have tentacles for arms and can constrict up to eight enemies at once.


Message History

You hear a bellow!
The yak gores you!
You hear a bellow!
A yak is nearby!
You slash the yak!
You kill the yak!
You hear a shout!
Your Fighting skill increases to level 10!
Your Axes skill increases to level 9!
A yak is nearby!
There are monsters nearby!
There are monsters nearby!
The yak bellows! x2
You slice the yak!!
The yak is severely wounded.
The yak gores you!
You slash the yak!
You kill the yak!
An orc comes into view. It is wielding a +0 hand axe.
You slash the kobold brigand! You grab the kobold brigand.
The kobold brigand is severely wounded.
You constrict the kobold brigand. The kobold brigand misses you.
You slash the kobold brigand!
You kill the kobold brigand!
You slash the yak! The yak gores you!
You are too injured to fight recklessly!
Unknown command.
As you read the scroll of teleportation, it crumbles to dust.
You feel strangely unstable. The yak gores you!
* * * LOW HITPOINT WARNING * * *
The yak gores you!
* * * LOW HITPOINT WARNING * * *
Unknown command.
The yak attacks as you move away! The yak gores you.
* * * LOW HITPOINT WARNING * * *
The yak attacks as you move away! The yak completely misses you.
The yak attacks as you move away! The yak gores you.
* * * LOW HITPOINT WARNING * * *
The yak attacks as you move away! The yak gores you!
You die...

..........## ##..........
.###.####..# .##.......... .#
#...##..## ##D#........... .#
#....#...# ###...#...........
.###....#...# ##.....#...####....
..##........###.o....#...........
..#######....##.Y# ###.#####...
...### #....#.YY# .# #....<....
.....####....#..@##..# ##....#..#
..................)..###...#.....
##########.###########....####..#
..........)....).......####.[#
#####################.##......
#..+....## ####....# #....#
#....#


You could see 3 yaks and an orc.

Vanquished Creatures
  Sigmund (D:2)
  2 yaks (D:8)
  A steam dragon (D:7)
  A water moccasin (D:5)
  A sky beast (D:8)
  2 orc warriors
  2 ice beasts
  2 black bears
  A centaur (D:8)
  3 ogres
  3 kobold brigands
  2 phantoms
  2 bullfrogs
  5 scorpions
  5 wights (D:8)
  4 killer bees (D:7)
  5 hounds
  A gnoll bouda (D:7)
  2 orc priests
  4 jellies
  7 iguanas
  2 orc wizards
  9 gnolls (D:7)
  4 adders
  A white imp (D:5)
  2 ufetubi
  2 worms
  3 dart slugs
  10 orcs
  4 bats
  An endoplasm (D:4)
  3 giant cockroaches
  4 goblins
  8 hobgoblins
  5 jackals
  8 kobolds
  4 quokkas
  4 ball pythons
  3 frilled lizards
  5 rats
138 creatures vanquished.

Vanquished Creatures (others)
  2 plants (D:5)
2 creatures vanquished.

Grand Total: 140 creatures vanquished

Notes
Turn   | Place    | Note
-------+----------+-------------------------------------------
     0 | D:5      | leafyfresh the Octopode Delver began the quest for the Orb.
     0 | D:5      | Reached XP level 1. HP: 16/16 MP: 1/1
     5 | D:5      | Noticed a black bear
    24 | D:5      | Reached XP level 2. HP: 21/21 MP: 2/2
    55 | D:5      | Noticed a scorpion
    75 | D:5      | Noticed a water moccasin
   200 | D:5      | Reached XP level 3. HP: 26/26 MP: 3/3
   212 | D:5      | Reached XP level 4. HP: 19/33 MP: 4/4
   960 | D:3      | Identified the +12 war axe "Heonairoe" {vorpal, *Slow Will-
                  | Int+5 Stlth+}
  1008 | D:3      | Reached XP level 5. HP: 32/37 MP: 4/6
  1208 | D:3      | Reached skill level 4 in Fighting
  1404 | D:3      | Found Ryew Nao's Antique Armour Shoppe.
  1455 | D:3      | Reached skill level 1 in Spellcasting
  1853 | D:3      | Learned a level 5 spell: Blade Hands
  2641 | D:2      | Noticed Sigmund
  2646 | D:2      | Killed Sigmund
  2647 | D:2      | Reached XP level 6. HP: 45/45 MP: 7/7
  2802 | D:2      | Found a snail-covered altar of Cheibriados.
  3029 | D:1      | Found a faded altar of an unknown god.
  3270 | D:2      | Learned a level 2 spell: Passwall
  3336 | D:4      | Reached skill level 5 in Fighting
  3365 | D:4      | Reached XP level 7. HP: 49/50 MP: 8/8
  4188 | D:5      | Reached skill level 6 in Fighting
  4441 | D:5      | Reached XP level 8. HP: 58/58 MP: 9/9
  4521 | D:5      | Reached skill level 5 in Axes
  4578 | D:5      | Found a glowing golden altar of the Shining One.
  4657 | D:5      | Found an opulent altar of Gozag.
  4683 | D:5      | Reached skill level 7 in Fighting
  4768 | D:5      | Found a glowing silver altar of Zin.
  4980 | D:6      | Found the +6 shillelagh "Devastator" {shatter}
  5123 | D:6      | Noticed a green ugly thing
  5133 | D:6      | Found a transporter.
  5133 | D:6      | Found a transporter.
  5135 | D:6      | Noticed a deep elf pyromancer
  5137 | D:6      | Found a burning altar of Makhleb.
  5164 | D:6      | Noticed a cyclops
  5184 | D:6      | Found a staircase to the Ecumenical Temple.
  5299 | Temple   | Entered the Ecumenical Temple
  5305 | Temple   | Became a worshipper of Ashenzari the Shackled
  5449 | D:6      | Reached skill level 8 in Fighting
  5449 | D:6      | Reached XP level 9. HP: 66/66 MP: 10/10
  5532 | D:6      | Identified the +3 pair of boots of Joluijaguc {rCorr}
  5642 | D:6      | Found a shimmering blue altar of Sif Muna.
  5642 | D:6      | Found a sacrificial altar of Ru.
  7183 | D:7      | Reached skill level 9 in Fighting
  8247 | D:8      | Found Aloi's Book Emporium.
  8942 | D:8      | Reached XP level 10. HP: 70/76 MP: 11/11
  8949 | D:8      | Reached skill level 10 in Fighting
  8965 | D:8      | Mangled by a yak

Illustrated notes

Levels and vault maps discovered:
D:1:      wander_arrival_desolate, layout_rooms,
          dreamdust_ecumenical_altar_statues
D:2:      layout_rooms, basic_altar, uniq_sigmund
D:3:      layout_loops_ring, serial_shops, shop
D:4:      layout_loops_cross
D:5:      layout_basic, pdpol_temple_overflow_zin_treasury_gozag_greed,
          tso_oasis_becter, hangedman_decor_growths, minmay_quadrilaterals
D:6:      layout_loops_corners, nicolae_overflow_two_pavilions,
          gammafunk_temple_overflow_arena, minmay_temple_entry_statues_pillars,
          dilly_guarded_unrand_devastator
D:7:      layout_basic
D:8:      minmay_recursive_quarters, layout_basic, serial_shops, shop
Temple:   hellmonk_temple_rainy

Skill      XL: |  1  2  3  4  5  6  7  8  9 10 |
---------------+-------------------------------+-----
Stealth        | 7 |  7.8
Dodging        | 3 |  3.4
Fighting       | 4 5 6 8 9 10 | 10.2
Spellcasting   | 1 |  1.1
Axes           | 2 4 6 8 9 |  9.3
Short Blades   | |  2.0
Transmutations | |  0.9

Action                   |  1- 3 |  4- 6 |  7- 9 | 10-12 || total
-------------------------+-------+-------+-------+-------++-------
Melee: Short sword       |    19 |    84 |       |       ||   103
       Constrict         |     3 |    25 |    22 |     1 ||    51
       Tentacles         |     3 |    24 |    22 |     1 ||    50
       Punch             |     1 |     1 |     2 |       ||     4
       War axe           |       |    33 |   120 |     7 ||   160
 Cast: Passwall          |       |       |     1 |       ||     1
  Use: Scroll            |       |     1 |     6 |     1 ||     8
 Stab: Sleeping          |     3 |    25 |    18 |       ||    46
Armor: Skin              |     1 |     9 |     1 |       ||    11
Dodge: Dodged            |    11 |    62 |   105 |     2 ||   180
Block: Other             |       |     6 |       |       ||     6
